[Event "DVM U14 2021"]
[Site "Willingen"]
[Date "2022.08.15"]
[Round "5"]
[White "Freude, Paul"]
[Black "Tietz, Bennit"]
[Result "1-0"]
[ECO "C22"]
[WhiteElo "1477"]
[BlackElo "1684"]
[Annotator "NA RC"]
[PlyCount "67"]
[EventDate "2022.08.12"]
[EventType "team-tourn"]
[EventRounds "7"]
[EventCountry "GER"]
[SourceTitle "playchess.com"]
[Source "ChessBase"]
[SourceQuality "1"]
[TimeControl "40/5400+30:1800+30"]

1. e4 e5 2. d4 exd4 3. Qxd4 Nc6 4. Qe3 g6 5. h4 Bg7 6. h5 d6 7. hxg6 fxg6 8. Bc4 Qe7 9. Bxg8 Rxg8 10. Rxh7 Bc3+ 11. Nxc3 Qxh7 12. Nd5 Rf8 13. Qg3 Be6 14. Bg5 Bxd5 15. exd5 Ne7 16. Qe3 O-O-O 17. O-O-O Rde8 18. Qxa7 Qg7 19. Qa8+ Kd7 20. Qa4+ c6 21. Bxe7 Rxe7 22. dxc6+ bxc6 23. Qa7+ Ke8 24. Qb8+ Kf7 25. Qxd6 Qh6+ 26. Kb1 Qh5 27. Nf3 Rfe8 28. Qxc6 Re2 29. Rd7+ Kg8 30. Qc4+ R2e6 31. a3 Kf8 32. Qf4+ Qf5 33. Qh6+ Kg8 34. Qg7# 1-0

[Event "DVM U14 2021"]
[Site "Willingen"]
[Date "2022.08.15"]
[Round "5"]
[White "Lichtinger, Simon"]
[Black "Keck, Johannes"]
[Result "1/2-1/2"]
[ECO "B09"]
[WhiteElo "1473"]
[BlackElo "1310"]
[Annotator "NA RC"]
[PlyCount "51"]
[EventDate "2022.08.12"]
[EventType "team-tourn"]
[EventRounds "7"]
[EventCountry "GER"]
[SourceTitle "playchess.com"]
[Source "ChessBase"]
[SourceQuality "1"]
[TimeControl "40/5400+30:1800+30"]

1. d4 Nf6 2. Nc3 g6 3. e4 d6 4. f4 Bg7 5. Nf3 O-O 6. Bd3 c5 7. dxc5 dxc5 8. O-O Nc6 9. Be3 b6 10. Qe2 Ng4 11. e5 Nxe3 12. Qxe3 Bb7 13. Be4 f5 14. Bd5+ Kh8 15. Ng5 Qd7 16. Qh3 h6 17. Bf7 Qd4+ 18. Kh1 Nxe5 19. Rad1 Nxf7 20. Nxf7+ Rxf7 21. Rxd4 cxd4 22. Ne2 e6 23. Rd1 Rd8 24. c3 Rfd7 25. Nxd4 Kh7 26. Qe3 1/2-1/2

[Event "DVM U14 2021"]
[Site "Willingen"]
[Date "2022.08.15"]
[Round "5"]
[White "Fock, Madiha"]
[Black "Schoen, Florian"]
[Result "1/2-1/2"]
[ECO "C47"]
[WhiteElo "1472"]
[BlackElo "1688"]
[Annotator "NA RC"]
[PlyCount "114"]
[EventDate "2022.08.12"]
[EventType "team-tourn"]
[EventRounds "7"]
[EventCountry "GER"]
[SourceTitle "playchess.com"]
[Source "ChessBase"]
[SourceQuality "1"]
[TimeControl "40/5400+30:1800+30"]

1. e4 e5 2. Nf3 Nc6 3. Nc3 Nf6 4. d4 exd4 5. Nxd4 Nxe4 6. Nxe4 Qe7 7. f3 d5 8. Bb5 Bd7 9. O-O dxe4 10. Bxc6 bxc6 11. fxe4 g6 12. Qf3 Bg7 13. c3 O-O 14. Bf4 Rab8 15. Rab1 Rb7 16. e5 Qc5 17. b4 Qd5 18. Qe2 c5 19. Qf3 Qxf3 20. Nxf3 Bf5 21. Rb2 cxb4 22. cxb4 c5 23. a3 Rfb8 24. Be3 cxb4 25. Rxb4 Rxb4 26. axb4 Rxb4 27. Bxa7 Rb1 28. Rxb1 Bxb1 29. Kf2 Kf8 30. Bc5+ Ke8 31. Ke3 h6 32. Kd4 Kd7 33. h3 Ke6 34. g4 Bc2 35. Ba7 Bd1 36. Ne1 Bxe5+ 37. Ke4 Ba4 38. Be3 Bc6+ 39. Kd3 g5 40. Ke2 Be4 41. Bc5 Bd6 42. Bd4 f6 43. Ke3 Bh1 44. Kf2 Bb4 45. Ng2 Bxg2 46. Kxg2 Bf8 47. Kf3 f5 48. Bc3 f4 49. Bb2 Kf7 50. Bc3 Bg7 51. Bb4 Ke6 52. Ba5 Kd5 53. Bd8 Kd4 54. h4 gxh4 55. Bxh4 Be5 56. g5 h5 57. g6 Kd5 1/2-1/2

[Event "DVM U14 2021"]
[Site "Willingen"]
[Date "2022.08.15"]
[Round "5"]
[White "Bade, Deniz"]
[Black "Schwan, Aaron"]
[Result "0-1"]
[ECO "A31"]
[WhiteElo "1414"]
[BlackElo "1672"]
[Annotator "NA RC"]
[PlyCount "102"]
[EventDate "2022.08.12"]
[EventType "team-tourn"]
[EventRounds "7"]
[EventCountry "GER"]
[SourceTitle "playchess.com"]
[Source "ChessBase"]
[SourceQuality "1"]
[TimeControl "40/5400+30:1800+30"]

1. e4 c5 2. c4 g6 3. Nf3 Bg7 4. d4 cxd4 5. Nxd4 Nf6 6. Nc3 d6 7. Be2 O-O 8. Be3 Nbd7 9. f3 a6 10. Qd2 Ne5 11. b3 Bd7 12. Bh6 Rc8 13. Bxg7 Kxg7 14. Rc1 Qa5 15. O-O Nc6 16. Rfd1 Nxd4 17. Qxd4 Kg8 18. f4 Rfd8 19. Bf3 Bc6 20. Qe3 b5 21. cxb5 axb5 22. e5 Bxf3 23. Qxf3 Ne8 24. Nd5 Kg7 25. Rxc8 Rxc8 26. exd6 Nxd6 27. Qe2 Qa7+ 28. Kh1 Nf5 29. g4 Nh6 30. Nxe7 Re8 31. Qb2+ f6 32. Nd5 Nxg4 33. Kg2 Ne3+ 34. Nxe3 Qxe3 35. Qd2 Qe2+ 36. Qxe2 Rxe2+ 37. Kf3 Rxh2 38. Rd7+ Kh6 39. a4 Rh3+ 40. Ke4 Rxb3 41. a5 Ra3 42. Ra7 Ra4+ 43. Kd5 Rxf4 44. Kc5 b4 45. Rb7 b3 46. Rxb3 Ra4 47. Kb5 Ra1 48. a6 g5 49. Rb4 f5 50. Ra4 Re1 51. Kb6 g4 0-1

[Event "DVM U14 2021"]
[Site "Willingen"]
[Date "2022.08.15"]
[Round "5"]
[White "Tran, Anh Duc Kevin"]
[Black "Yue, Qihang"]
[Result "0-1"]
[ECO "C50"]
[WhiteElo "1398"]
[BlackElo "1401"]
[Annotator "NA RC"]
[PlyCount "96"]
[EventDate "2022.08.12"]
[EventType "team-tourn"]
[EventRounds "7"]
[EventCountry "GER"]
[SourceTitle "playchess.com"]
[Source "ChessBase"]
[SourceQuality "1"]
[TimeControl "40/5400+30:1800+30"]

1. e4 e5 2. Nf3 Nc6 3. Bc4 Bc5 4. Nc3 Nf6 5. d3 h6 6. Be3 Bb6 7. O-O d6 8. h3 Be6 9. Bb3 O-O 10. d4 exd4 11. Nxd4 Nxd4 12. Bxd4 Re8 13. Qd3 Bxd4 14. Qxd4 Qe7 15. Rae1 Bd7 16. f4 Be6 17. Nd5 Bxd5 18. exd5 Qxe1 19. Rxe1 Rxe1+ 20. Kh2 Re4 21. Qc3 Rc8 22. Qg3 a5 23. a4 Nd7 24. Qg4 Rd8 25. c4 Nc5 26. Qf5 Rxf4 27. Qxf4 Nxb3 28. Qe3 Nc5 29. Qe1 b6 30. b4 axb4 31. Qxb4 Ra8 32. Qb5 Kf8 33. Qc6 Ra7 34. g3 Ke7 35. Qb5 Rxa4 36. Kg2 Ra5 37. Qb2 Kf8 38. Kf3 Nd3 39. Qb3 Ne5+ 40. Ke4 Rc5 41. Kd4 Rxc4+ 42. Qxc4 Nxc4 43. Kxc4 Ke7 44. h4 h5 45. Kb5 Kd7 46. Kc4 c6 47. dxc6+ Kxc6 48. Kd4 b5 0-1

[Event "DVM U14 2021"]
[Site "Willingen"]
[Date "2022.08.15"]
[Round "5"]
[White "Vesszö, Aaron"]
[Black "Lipinsky, Pierre"]
[Result "1-0"]
[ECO "D46"]
[WhiteElo "1306"]
[BlackElo "1560"]
[Annotator "NA RC"]
[PlyCount "81"]
[EventDate "2022.08.12"]
[EventType "team-tourn"]
[EventRounds "7"]
[EventCountry "GER"]
[SourceTitle "playchess.com"]
[Source "ChessBase"]
[SourceQuality "1"]
[TimeControl "40/5400+30:1800+30"]

1. d4 d5 2. c4 e6 3. Nf3 c6 4. e3 Nf6 5. Nbd2 Be7 6. Bd3 O-O 7. O-O Nbd7 8. e4 dxe4 9. Nxe4 Nxe4 10. Bxe4 Nf6 11. Bc2 c5 12. Qd3 cxd4 13. Bg5 g6 14. Rad1 Qb6 15. Qxd4 Qxd4 16. Rxd4 b6 17. Ne5 Kg7 18. Nc6 Bc5 19. Rh4 Bb7 20. Bh6+ Kg8 21. Bxf8 Kxf8 22. Ne5 Ke7 23. Rd1 Bd6 24. Nxf7 Bxh2+ 25. Kxh2 Kxf7 26. g4 Bf3 27. Rg1 g5 28. Rh3 Bxg4 29. Rhg3 h5 30. f3 Bf5 31. Bxf5 exf5 32. Rxg5 Rc8 33. Rg7+ Ke6 34. Re1+ Kd6 35. Rg6 Rf8 36. b4 a5 37. a3 axb4 38. axb4 Kd7 39. Re5 Nh7 40. Rg7+ Kd6 41. Rd5+ 1-0

[Event "DVM U14 2021"]
[Site "Willingen"]
[Date "2022.08.15"]
[Round "5"]
[White "Huber, Laura"]
[Black "Wedekind, Ferdinand"]
[Result "1-0"]
[ECO "D00"]
[WhiteElo "1302"]
[BlackElo "1446"]
[Annotator "NA RC"]
[PlyCount "27"]
[EventDate "2022.08.12"]
[EventType "team-tourn"]
[EventRounds "7"]
[EventCountry "GER"]
[SourceTitle "playchess.com"]
[Source "ChessBase"]
[SourceQuality "1"]
[TimeControl "40/5400+30:1800+30"]

1. d4 d5 2. Nc3 Nf6 3. Bf4 Bf5 4. f3 e6 5. g4 Bg6 6. h4 h6 7. Qd2 Nc6 8. O-O-O Bd6 9. Nh3 Bxf4 10. Nxf4 Bh7 11. g5 hxg5 12. hxg5 Nd7 13. g6 fxg6 14. Nxg6 1-0

[Event "DVM U14 2021"]
[Site "Willingen"]
[Date "2022.08.15"]
[Round "5"]
[White "Liu, Leon"]
[Black "Finck, Jonathan"]
[Result "1-0"]
[ECO "C47"]
[WhiteElo "1256"]
[BlackElo "1424"]
[Annotator "NA RC"]
[PlyCount "119"]
[EventDate "2022.08.12"]
[EventType "team-tourn"]
[EventRounds "7"]
[EventCountry "GER"]
[SourceTitle "playchess.com"]
[Source "ChessBase"]
[SourceQuality "1"]
[TimeControl "40/5400+30:1800+30"]

1. e4 e5 2. Nf3 Nc6 3. Nc3 Nf6 4. a3 d5 5. exd5 Nxd5 6. Bb5 Nxc3 7. bxc3 Bd7 8. O-O Bd6 9. d4 O-O 10. Bxc6 Bxc6 11. Nxe5 Bxe5 12. dxe5 Qxd1 13. Rxd1 Rad8 14. Bg5 Rd5 15. Rxd5 Bxd5 16. Rd1 Be6 17. h3 Re8 18. g4 h6 19. Bd8 c6 20. f4 Bd5 21. Bc7 Rc8 22. Bd6 Be4 23. Rd2 Rd8 24. Kf2 g6 25. Ke3 Bd5 26. Bc5 b6 27. Bxb6 axb6 28. c4 Kf8 29. cxd5 cxd5 30. c4 d4+ 31. Rxd4 Rxd4 32. Kxd4 Ke7 33. Kd5 Kd7 34. f5 h5 35. fxg6 fxg6 36. gxh5 gxh5 37. e6+ Ke7 38. Kc6 Kxe6 39. Kxb6 Kd7 40. Kb7 Kd6 41. a4 Kc5 42. a5 Kxc4 43. a6 Kd4 44. a7 Ke4 45. a8=Q Kf4 46. Qg8 h4 47. Qg4+ Ke5 48. Qxh4 Kf5 49. Qg4+ Ke5 50. Qf3 Kd4 51. Qe2 Kc3 52. Qd1 Kc4 53. Kc6 Kc3 54. Qd5 Kb4 55. Qc5+ Kb3 56. Kd5 Kb2 57. Kd4 Kb3 58. Qc3+ Ka2 59. Qb4 Ka1 60. Ke4 1-0

[Event "DVM U14 2021"]
[Site "Willingen"]
[Date "2022.08.15"]
[Round "5"]
[White "Wegener, Moritz"]
[Black "Fettig, Michel"]
[Result "0-1"]
[ECO "A16"]
[WhiteElo "1202"]
[BlackElo "1370"]
[Annotator "NA RC"]
[PlyCount "72"]
[EventDate "2022.08.12"]
[EventType "team-tourn"]
[EventRounds "7"]
[EventCountry "GER"]
[SourceTitle "playchess.com"]
[Source "ChessBase"]
[SourceQuality "1"]
[TimeControl "40/5400+30:1800+30"]

1. c4 Nf6 2. Nc3 g6 3. g3 Bg7 4. Bg2 e6 5. d3 d5 6. e3 c6 7. b3 Ng4 8. Qxg4 Bxc3+ 9. Bd2 Bxa1 10. d4 e5 11. Qd1 Bb2 12. b4 exd4 13. cxd5 cxd5 14. exd4 Bxd4 15. Ne2 Bg7 16. Be3 Be6 17. O-O O-O 18. Qd2 Qd7 19. Rd1 Rd8 20. Qd3 Nc6 21. f4 Nxb4 22. Qd2 Nc6 23. Bf2 Ne7 24. a3 Bh3 25. Bf3 Be6 26. Qd3 Nf5 27. h3 d4 28. Re1 Ne3 29. Kh2 Bxh3 30. Bxe3 dxe3 31. Qxe3 Bg4 32. Kg2 Bxf3+ 33. Qxf3 Qd5 34. Qxd5 Rxd5 35. Rb1 Rd2 36. Kf3 b6 0-1

[Event "DVM U14 2021"]
[Site "Willingen"]
[Date "2022.08.15"]
[Round "5"]
[White "Walter, Romeo"]
[Black "Gotfried, Elias"]
[Result "1-0"]
[ECO "A25"]
[WhiteElo "1197"]
[BlackElo "1589"]
[Annotator "NA RC"]
[PlyCount "117"]
[EventDate "2022.08.12"]
[EventType "team-tourn"]
[EventRounds "7"]
[EventCountry "GER"]
[SourceTitle "playchess.com"]
[Source "ChessBase"]
[SourceQuality "1"]
[TimeControl "40/5400+30:1800+30"]

1. c4 e5 2. Nc3 Nc6 3. g3 f5 4. e4 Bc5 5. Bg2 d6 6. Nge2 Nf6 7. O-O h5 8. d3 h4 9. Na4 hxg3 10. hxg3 Bd4 11. Nxd4 Nxd4 12. Bg5 Ne6 13. Qd2 Qd7 14. Nc3 Qf7 15. Bxf6 Qxf6 16. Nd5 Qf7 17. f4 exf4 18. exf5 Qxf5 19. Rae1 Kd8 20. Nxf4 Nxf4 21. Qxf4 Qxf4 22. Rxf4 Re8 23. Rxe8+ Kxe8 24. Rh4 c6 25. Rh8+ Kd7 26. Rh7 a5 27. Bh3+ Kd8 28. Bxc8 Rxc8 29. Rxg7 Rc7 30. Rxc7 Kxc7 31. Kf2 Kd7 32. Kf3 Ke6 33. Kf4 Kf6 34. d4 b6 35. d5 c5 36. a4 Kg6 37. g4 Kf6 38. g5+ Kg6 39. Kg4 Kg7 40. Kf5 Kf7 41. g6+ Ke7 42. g7 Kf7 43. g8=R Kxg8 44. Ke6 Kf8 45. Kxd6 Ke8 46. Kc7 b5 47. axb5 a4 48. d6 Kf7 49. d7 Kg6 50. d8=Q a3 51. bxa3 Kf5 52. Qd5+ Kf4 53. b6 Ke3 54. b7 Kf4 55. b8=R Ke3 56. Re8+ Kf4 57. Qf7+ Kg5 58. Rg8+ Kh6 59. Qg6# 1-0

[Event "DVM U14 2021"]
[Site "Willingen"]
[Date "2022.08.15"]
[Round "5"]
[White "Dickel, Karl-Joachim"]
[Black "Sun, Christopher"]
[Result "1/2-1/2"]
[ECO "C55"]
[WhiteElo "1178"]
[BlackElo "1091"]
[Annotator "NA RC"]
[PlyCount "51"]
[EventDate "2022.08.12"]
[EventType "team-tourn"]
[EventRounds "7"]
[EventCountry "GER"]
[SourceTitle "playchess.com"]
[Source "ChessBase"]
[SourceQuality "1"]
[TimeControl "40/5400+30:1800+30"]

1. e4 e5 2. Nf3 Nc6 3. Nc3 Nf6 4. Bc4 Nxe4 5. Bxf7+ Kxf7 6. Nxe4 d5 7. Ng3 e4 8. Ng1 Qf6 9. f3 Bc5 10. c3 Re8 11. N1e2 Kg8 12. d4 exd3 13. Qxd3 Qe6 14. Bd2 Ne5 15. Qc2 b6 16. O-O-O Ba6 17. Nf4 Qf7 18. b4 Bf8 19. Be3 Nc4 20. Bd2 Rad8 21. Rhe1 Rd6 22. Rxe8 Qxe8 23. Re1 Qd7 24. Nf5 Rc6 25. Nd4 Rh6 26. h3 1/2-1/2

[Event "DVM U14 2021"]
[Site "Willingen"]
[Date "2022.08.15"]
[Round "6"]
[White "Fuhrmann, Bahne"]
[Black "Beyer, Lorenz"]
[Result "1/2-1/2"]
[ECO "E05"]
[WhiteElo "1973"]
[BlackElo "1587"]
[Annotator "NA RC"]
[PlyCount "46"]
[EventDate "2022.08.12"]
[EventType "team-tourn"]
[EventRounds "7"]
[EventCountry "GER"]
[SourceTitle "playchess.com"]
[Source "ChessBase"]
[SourceQuality "1"]
[TimeControl "40/5400+30:1800+30"]

1. d4 d5 2. c4 e6 3. Nf3 Nf6 4. g3 dxc4 5. Bg2 Nbd7 6. O-O Be7 7. Na3 O-O 8. Nxc4 c5 9. dxc5 Nxc5 10. Qc2 Nd5 11. a3 ({White should try} 11. Rd1 $14) 11... Bd7 12. e4 Ba4 13. Qe2 Nb6 14. Be3 Bb5 15. Bxc5 Bxc4 16. Bxb6 Bxe2 17. Bxd8 Rfxd8 18. Rfe1 Bb5 19. Rac1 Rac8 20. Bf1 Ba4 21. h4 $17 h6 22. Kg2 Bf6 23. e5 Be7 1/2-1/2

[Event "DVM U14 2021"]
[Site "Willingen"]
[Date "2022.08.15"]
[Round "6"]
[White "Malinowsky, Levi"]
[Black "Freude, Max"]
[Result "0-1"]
[ECO "B30"]
[WhiteElo "1814"]
[BlackElo "1819"]
[Annotator "NA RC"]
[PlyCount "100"]
[EventDate "2022.08.12"]
[EventType "team-tourn"]
[EventRounds "7"]
[EventCountry "GER"]
[SourceTitle "playchess.com"]
[Source "ChessBase"]
[SourceQuality "1"]
[TimeControl "40/5400+30:1800+30"]

1. e4 c5 2. Nf3 Nc6 3. Bb5 e6 4. c3 Nge7 5. O-O d5 6. e5 Ng6 7. d4 cxd4 8. cxd4 Be7 9. Nc3 O-O 10. Re1 Bd7 11. Be3 a6 12. Ba4 b5 13. Bc2 Rc8 14. g3 Na5 15. Nd2 Bb4 16. h4 f5 17. exf6 Qxf6 18. Rc1 Nc6 19. Nb3 Rf7 20. Qd3 Bxc3 21. Qxc3 e5 22. Qd2 e4 23. Bd1 Rcf8 24. Nc5 Bh3 25. Kh2 Bc8 26. Rh1 Nge7 27. Bb3 Rd8 28. Rhf1 h6 29. Rcd1 Bg4 30. Rc1 Bc8 31. Rcd1 Bg4 32. Rc1 Nf5 33. Bd1 Bf3 34. Bxf3 exf3 35. Nd3 Ncxd4 36. h5 Nxe3 37. Qxe3 Ne2 38. Nf4 Nxf4 39. Qxf4 Qxb2 40. Qh4 Qf6 41. Qg4 d4 42. Rfd1 Qf5 43. Qh4 Rfd7 44. Rc7 d3 45. Rxd7 Rxd7 46. a4 d2 47. a5 Qc2 48. Qg4 Qxd1 49. Qxd7 Qc2 50. Qc8+ Qxc8 0-1

[Event "DVM U14 2021"]
[Site "Willingen"]
[Date "2022.08.15"]
[Round "6"]
[White "Braeutigam, Alexander"]
[Black "Freude, Paul"]
[Result "1/2-1/2"]
[ECO "A36"]
[WhiteElo "1771"]
[BlackElo "1477"]
[Annotator "NA RC"]
[PlyCount "152"]
[EventDate "2022.08.12"]
[EventType "team-tourn"]
[EventRounds "7"]
[EventCountry "GER"]
[SourceTitle "playchess.com"]
[Source "ChessBase"]
[SourceQuality "1"]
[TimeControl "40/5400+30:1800+30"]

1. c4 c5 2. g3 g6 3. Bg2 Bg7 4. Nc3 Nc6 5. d3 e6 6. a3 Nge7 7. Nf3 a6 8. O-O O-O 9. Rb1 d5 10. Qc2 Nf5 11. b4 Nfd4 12. Nxd4 Nxd4 13. Qd2 cxb4 14. axb4 dxc4 15. dxc4 Qc7 16. e3 Nc6 17. Qc2 Bxc3 18. Qxc3 a5 19. Bb2 f6 20. b5 Nb4 21. Rbd1 Rb8 22. Rd2 e5 23. Rfd1 Be6 24. c5 b6 25. c6 Rbd8 26. Ba3 Rxd2 27. Qxd2 Qe7 28. h4 Kf7 29. Bxb4 Qxb4 30. Qxb4 axb4 31. Bd5 Ra8 32. e4 Ke7 33. Bxe6 Kxe6 34. Rb1 Ra4 35. Rc1 Ra8 36. Rc4 b3 37. Rb4 Ra3 38. Kh2 Kd6 39. Kg2 Kc5 40. c7 Ra8 41. Rxb3 Rc8 42. Kf3 Rxc7 43. Rc3+ Kd6 44. Rd3+ Ke7 45. Ke3 Rc5 46. Rb3 Kd6 47. Rd3+ Ke6 48. Rb3 f5 49. f3 h6 50. Kd2 fxe4 51. fxe4 Rc4 52. Kd3 Rc5 53. Ke3 Kf6 54. g4 Ke6 55. Kd2 Rc4 56. Kd3 Rc5 57. Kd2 Ke7 58. g5 h5 59. Rf3 Rxb5 60. Rf6 Rb2+ 61. Ke3 Rh2 62. Rxb6 Rh3+ 63. Kd2 Rxh4 64. Ke3 Rh3+ 65. Ke2 Rh2+ 66. Ke3 Rg2 67. Rxg6 h4 68. Rh6 Rg3+ 69. Kf2 Rg4 70. Kf3 Rf4+ 71. Ke3 Kf7 72. g6+ Kg7 73. Rh5 Kxg6 74. Rxe5 Rf1 75. Re8 Kg7 76. Re5 Kg6 1/2-1/2

[Event "DVM U14 2021"]
[Site "Willingen"]
[Date "2022.08.15"]
[Round "6"]
[White "Nitsche, Nikolai"]
[Black "Braeutigam, Katerina"]
[Result "0-1"]
[ECO "B13"]
[WhiteElo "1764"]
[BlackElo "1781"]
[Annotator "NA RC"]
[PlyCount "44"]
[EventDate "2022.08.12"]
[EventType "team-tourn"]
[EventRounds "7"]
[EventCountry "GER"]
[SourceTitle "playchess.com"]
[Source "ChessBase"]
[SourceQuality "1"]
[TimeControl "40/5400+30:1800+30"]

1. d4 Nf6 2. Bf4 g6 3. e3 Bg7 4. h3 d6 5. Nf3 c5 6. c3 cxd4 7. exd4 O-O 8. Bc4 d5 9. Bd3 Nc6 10. O-O Bf5 11. Bxf5 gxf5 12. Nbd2 Kh8 13. Ne5 e6 14. Ndf3 Ne4 15. Nxc6 bxc6 16. Ne5 Qh4 17. Bh2 Bxe5 18. Bxe5+ f6 19. f3 fxe5 20. fxe4 dxe4 21. dxe5 Rg8 22. Kh1 Rxg2 0-1

[Event "DVM U14 2021"]
[Site "Willingen"]
[Date "2022.08.15"]
[Round "6"]
[White "Malan, Jan-Willem"]
[Black "Pichl, Christoph"]
[Result "0-1"]
[ECO "A26"]
[WhiteElo "1747"]
[BlackElo "1617"]
[Annotator "NA RC"]
[PlyCount "124"]
[EventDate "2022.08.12"]
[EventType "team-tourn"]
[EventRounds "7"]
[EventCountry "GER"]
[SourceTitle "playchess.com"]
[Source "ChessBase"]
[SourceQuality "1"]
[TimeControl "40/5400+30:1800+30"]

1. c4 e5 2. g3 Nf6 3. Bg2 g6 4. Nc3 Bg7 5. e4 Nc6 6. Nge2 d6 7. O-O O-O 8. d3 Nd7 9. f4 exf4 10. Bxf4 Nd4 11. Nxd4 Bxd4+ 12. Kh1 Nc5 13. Bh6 Bg7 14. Bxg7 Kxg7 15. b4 Ne6 16. Qd2 c5 17. Qb2 f6 18. bxc5 dxc5 19. Nd5 Nd4 20. Rad1 Rb8 21. Qa3 Qd6 22. Qxa7 Bd7 23. Qb6 Bc6 24. Qc7+ Qxc7 25. Nxc7 Rf7 26. Nd5 Ra8 27. Rd2 f5 28. exf5 Nxf5 29. Rdf2 Raf8 30. g4 Ng3+ 31. Kg1 Nxf1 32. Rxf7+ Rxf7 33. Bxf1 Bxd5 34. cxd5 Rf4 35. Be2 Rd4 36. Kg2 Rxd5 37. Bf3 Rxd3 38. Bxb7 Rd2+ 39. Kg3 Rxa2 40. h3 Rd2 41. Kh4 c4 42. Be4 c3 43. Bb1 c2 44. Bxc2 Rxc2 45. Kg5 Rc3 46. Kh4 h6 47. g5 hxg5+ 48. Kxg5 Rxh3 49. Kg4 Rh5 50. Kf4 Kf6 51. Kg4 g5 52. Kg3 Kf5 53. Kf3 Rh3+ 54. Kg2 Kg4 55. Kg1 Kg3 56. Kf1 Rh2 57. Ke1 Kf3 58. Kd1 Ke3 59. Kc1 Kd3 60. Kb1 Kc3 61. Ka1 Kb3 62. Kb1 Rh1# 0-1

[Event "DVM U14 2021"]
[Site "Willingen"]
[Date "2022.08.15"]
[Round "6"]
[White "Tomasjan, Samuel"]
[Black "Lichtinger, Simon"]
[Result "1-0"]
[ECO "C25"]
[WhiteElo "1741"]
[BlackElo "1473"]
[Annotator "NA RC"]
[PlyCount "67"]
[EventDate "2022.08.12"]
[EventType "team-tourn"]
[EventRounds "7"]
[EventCountry "GER"]
[SourceTitle "playchess.com"]
[Source "ChessBase"]
[SourceQuality "1"]
[TimeControl "40/5400+30:1800+30"]

1. e4 e5 2. f4 exf4 3. Nf3 Nc6 4. Nc3 Bb4 5. d4 d6 6. Bxf4 Bg4 7. Bb5 d5 8. e5 Nge7 9. O-O O-O 10. Ne2 Bxf3 11. Rxf3 Ng6 12. Be3 Be7 13. c3 f6 14. exf6 Rxf6 15. Rxf6 Bxf6 16. Bd3 Qe7 17. Bf2 Qf7 18. Bxg6 Qxg6 19. Qb3 Qf7 20. Qxb7 Rf8 21. Bg3 Bg5 22. h3 Qe6 23. Qxc7 Rc8 24. Qd6 Qxe2 25. Qxd5+ Kh8 26. Qxg5 Qxb2 27. Qc1 Qxc1+ 28. Rxc1 Nxd4 29. Re1 Nf5 30. Be5 Kg8 31. Rf1 Ne3 32. Rb1 Re8 33. Bd4 a6 34. Re1 1-0

[Event "DVM U14 2021"]
[Site "Willingen"]
[Date "2022.08.15"]
[Round "6"]
[White "Schoen, Florian"]
[Black "Keck, Johannes"]
[Result "1/2-1/2"]
[ECO "B23"]
[WhiteElo "1688"]
[BlackElo "1310"]
[Annotator "NA RC"]
[PlyCount "83"]
[EventDate "2022.08.12"]
[EventType "team-tourn"]
[EventRounds "7"]
[EventCountry "GER"]
[SourceTitle "playchess.com"]
[Source "ChessBase"]
[SourceQuality "1"]
[TimeControl "40/5400+30:1800+30"]

1. e4 c5 2. Nc3 Nc6 3. f4 g6 4. Bb5 Nd4 5. Nf3 Bg7 6. Nxd4 cxd4 7. Ne2 a6 8. Bd3 d5 9. e5 Bg4 10. O-O e6 11. b3 Ne7 12. h3 Bxe2 13. Qxe2 Nc6 14. Qf2 Qb8 15. Ba3 Qa7 16. Qh4 b5 17. Bd6 Rd8 18. a3 Rxd6 19. exd6 O-O 20. b4 Qd7 21. Rfb1 Qxd6 22. Qg4 Rb8 23. g3 h5 24. Qf3 Bf6 25. Rf1 Kg7 26. Rfb1 Be7 27. Qf2 Bf6 28. Ra2 Be7 29. a4 bxa4 30. Rxa4 Nxb4 31. Qxd4+ Kg8 32. Rba1 Qc7 33. Qc3 Qb6+ 34. Kg2 h4 35. g4 d4 36. Qc4 g5 37. Rf1 Qd6 38. Rf3 Nd5 39. Qxd4 Nxf4+ 40. Rxf4 Qxf4 41. Qxf4 Bf8 42. Qf1 1/2-1/2

[Event "DVM U14 2021"]
[Site "Willingen"]
[Date "2022.08.15"]
[Round "6"]
[White "Fettig, Konrad"]
[Black "Bezsonna, Polina"]
[Result "0-1"]
[ECO "B34"]
[WhiteElo "1677"]
[BlackElo "1631"]
[Annotator "NA RC"]
[PlyCount "92"]
[EventDate "2022.08.12"]
[EventType "team-tourn"]
[EventRounds "7"]
[EventCountry "GER"]
[SourceTitle "playchess.com"]
[Source "ChessBase"]
[SourceQuality "1"]
[TimeControl "40/5400+30:1800+30"]

1. e4 c5 2. Nf3 Nc6 3. d4 cxd4 4. Nxd4 g6 5. g3 Bg7 6. Be3 d6 7. Bb5 Bd7 8. Bf1 Nf6 9. Bg2 Ng4 10. Nxc6 bxc6 11. Bd4 Nf6 12. O-O O-O 13. b3 Qc8 14. Nd2 Bh3 15. c4 Bxg2 16. Kxg2 Qb7 17. Rc1 e5 18. Bb2 Rad8 19. Qe2 Rfe8 20. Rfd1 Qa6 21. Rc2 d5 22. exd5 cxd5 23. Ba1 d4 24. Ne4 Nxe4 25. Qxe4 f5 26. Qe2 Qc6+ 27. Kg1 Bh6 28. Bb2 f4 29. Qf1 f3 30. c5 Bg7 31. Qc4+ Kh8 32. Rcd2 a5 33. a3 Rb8 34. b4 axb4 35. axb4 Qb5 36. Qxb5 Rxb5 37. Ba3 Ra8 38. Ra2 Rxb4 39. Bxb4 Rxa2 40. c6 Rc2 41. Ra1 Bf6 42. Ra8+ Kg7 43. Ra7+ Kg8 44. Ra8+ Kf7 45. Rf8+ Kg7 46. h4 Rxc6 0-1

[Event "DVM U14 2021"]
[Site "Willingen"]
[Date "2022.08.15"]
[Round "6"]
[White "Schwan, Aaron"]
[Black "Bongardt, Livius"]
[Result "1-0"]
[ECO "C55"]
[WhiteElo "1672"]
[BlackElo "1756"]
[Annotator "NA RC"]
[PlyCount "79"]
[EventDate "2022.08.12"]
[EventType "team-tourn"]
[EventRounds "7"]
[EventCountry "GER"]
[SourceTitle "playchess.com"]
[Source "ChessBase"]
[SourceQuality "1"]
[TimeControl "40/5400+30:1800+30"]

1. e4 e5 2. Nf3 Nc6 3. Bc4 Nf6 4. d3 Be7 5. c3 O-O 6. Nbd2 d5 7. Bb3 a6 8. Qe2 Re8 9. Nf1 h6 10. Ng3 Be6 11. O-O Bf8 12. h3 g6 13. Qc2 Bg7 14. Ne2 dxe4 15. dxe4 Qe7 16. g4 h5 17. g5 Bxh3 18. gxf6 Qxf6 19. Ng5 Bxf1 20. Bxf7+ Kh8 21. Bxe8 Rxe8 22. Kxf1 Bh6 23. Nf7+ Qxf7 24. Bxh6 Qf3 25. Rd1 Qh3+ 26. Ke1 Qh1+ 27. Kd2 Rd8+ 28. Kc1 Qh4 29. Rxd8+ Nxd8 30. Qd2 Nf7 31. Ng3 g5 32. Bf8 Qg4 33. Qe2 Qf4+ 34. Qe3 Qxe3+ 35. fxe3 h4 36. Nf5 Kh7 37. Kd1 h3 38. Ke2 h2 39. Ng3 g4 40. Be7 1-0

[Event "DVM U14 2021"]
[Site "Willingen"]
[Date "2022.08.15"]
[Round "6"]
[White "Trenz, Finn"]
[Black "Ehrig, Leon Chris"]
[Result "0-1"]
[ECO "B02"]
[WhiteElo "1667"]
[BlackElo "1832"]
[Annotator "NA RC"]
[PlyCount "62"]
[EventDate "2022.08.12"]
[EventType "team-tourn"]
[EventRounds "7"]
[EventCountry "GER"]
[SourceTitle "playchess.com"]
[Source "ChessBase"]
[SourceQuality "1"]
[TimeControl "40/5400+30:1800+30"]

1. e4 Nf6 2. Nc3 d5 3. exd5 Nxd5 4. Nxd5 Qxd5 5. d4 Nc6 6. c3 $15 (6. Be3 $11) 6... e5 7. dxe5 Qxd1+ 8. Kxd1 Nxe5 9. Bb5+ c6 10. Ba4 (10. Be2 $17) 10... Bc5 11. Ke2 Bf5 12. Be3 Bxe3 13. fxe3 O-O-O 14. Nf3 Bd3+ 15. Ke1 Rhe8 16. Nxe5 Rxe5 17. Kf2 Rf5+ 18. Kg3 Rd6 19. Bd1 Rg6+ 20. Kh4 Rf2 21. g4 Be4 22. Kg3 Rxb2 23. Rg1 Rf6 24. h3 g5 25. h4 h6 26. h5 Rff2 27. a4 a5 28. Ra3 Kc7 29. Rb3 Rg2+ 30. Rxg2 Rxg2+ 31. Kh3 Rd2 0-1